 Dungeon Crawl Stone Soup version 0.31-a0-1616-gbeaec30b81 (webtiles) character file.

Game seed: 12751808988072904242

2673 MisterAzrael the Mimic (level 9, -1/112 (114) HPs)
             Began as a Troll Shapeshifter on Jan 10, 2024.
             Was a Believer of Trog.
             Slain by a killer bee (3 damage)
             ... on level 7 of the Dungeon.
             The game lasted 00:06:35 (4974 turns).

MisterAzrael the Mimic (Troll Shapeshifter)         Turns: 4974, Time: 00:06:35

HP:   -1/112 (114)  AC:  6    Str: 36    XL:     9   Next: 37%
MP:   8/8           EV:  9    Int:  4    God:    Trog [**....]
Gold: 289           SH:  0    Dex:  7    Spells: 8/8 levels left

rFire   . .          .
                       - Unarmed
rCold   . . .        (no shield)
rNeg    . . .        w - +2 robe {Will+}
rPois   .            (helmet currently unavailable)
rElec   .            (cloak currently unavailable)
rCorr   .            (gloves unavailable)
SInv    .            (boots unavailable)
Will    +++..        (no amulet) Stlth
                     (no ring)
HPRegen 2.18/turn    (no ring)
MPRegen 0.11/turn

%: no passive effects
@: berserking, lethally poisoned (-1 -> -3), beast-form, strong-willed,
attractive, regenerating, lightly drained, very quick
A: beast (slay +4), large, unfitting armour, claws 3, regeneration 1, shaggy fur
1, tough skin 1, strong 2
a: Begin Untransformation, Renounce Religion, Berserk, Trog's Hand


You were on level 7 of the Dungeon.
You worshipped Trog.
Trog was pleased with you.
You were a hulking beast.
You visited 1 branch of the dungeon, and saw 7 of its levels.
You also visited: Sewer.

You collected 289 gold pieces.

Inventory:

Armour
 a - a +0 animal skin
 w - a +2 robe of willpower (worn)
Jewellery
 q - an amulet of the acrobat
Talismans
 c - a beast talisman (active)
 d - a flux talisman
 m - a talisman of death
Scrolls
 e - 3 scrolls of fog {unknown}
 f - 2 scrolls of noise {unknown}
 i - 3 scrolls of amnesia {unknown}
 o - 2 scrolls of teleportation {unknown}
 p - 2 scrolls of identify {unknown}
 r - a scroll of enchant weapon {unknown}
 t - a scroll of fear {unknown}
 x - 2 scrolls of revelation {unknown}
Potions
 b - a potion of lignification
 g - a potion of mutation {unknown}
 h - 2 potions of might
 j - a potion of enlightenment
 k - a potion of berserk rage {unknown}
 l - a potion of degeneration {unknown}
 n - a potion of curing {unknown}
 s - a potion of heal wounds {unknown}
 u - a potion of invisibility {unknown}
 v - a potion of attraction


   Skills:
 - Level 1.0 Fighting
 - Level 1.7 Dodging
 + Level 8.1 Unarmed Combat
 * Level 10.0 Shapeshifting


You had 8 spell levels left.
You didn't know any spells.
Your spell library contained the following spells:

 Spells                   Type           Power      Damage    Failure   Level
 Freeze                   Ice            0%         1d3       50%         1
 Magic Dart               Conj           0%         1d3       50%         1
 Jinxbite                 Hex            0%         N/A       65%         2
 Searing Ray              Conj           0%         2d4       65%         2
 Frozen Ramparts          Ice            0%         1d1       86%         3
 Hailstorm                Conj/Ice       0%         3d5       86%         3
 Fulminant Prism          Conj/Alch      0%         3d5       99%         4
 Passage of Golubria      Tloc           0%         N/A       99%         4
 Silence                  Hex/Air        0%         N/A       100%        5
 Yara's Violent Unravell  Hex/Alch       0%         3d3       100%        5
 Enfeeble                 Hex            0%         N/A       100%        7
 Lehudib's Crystal Spear  Conj/Erth      0%         10d2      100%        8


Dungeon Overview and Level Annotations

Branches:
Dungeon (7/15)             Temple (0/1) D:6           Sewer (visited)

Altars:
Makhleb
Nemelex Xobeh
Trog
Wu Jian
Xom

Annotations:
D:3 2 transporters, AAAAAHH's ghost, weakling OnCA
D:6 1 runed translucent door, Azoth's ghost, novice DrSh


Innate Abilities, Weirdness & Mutations

You are a hulking beast.
Your limbs bulge with bestial killing power. (Slay +4)
You are too large for most types of armour.
You have claws for hands.
Your natural rate of healing is unusually fast.
You are covered in fur. (AC +1)
You have tough skin. (AC +1)
Your muscles are very strong. (Str +8, Int/Dex -2)


Message History

The killer bee stings you.
You are more poisoned.
The killer bee poisons you! The killer bee stings you.
You are more poisoned.
The killer bee poisons you!
You feel very sick. The killer bee closely misses you.
The killer bee stings you but does no damage.
You feel very sick. The killer bee barely misses you.
The killer bee stings you but does no damage.
It was a potion of attraction.
You feel attractive to monsters.
You feel very sick.
The killer bee barely misses you. x2; The killer bee stings you.
* * * LOW HITPOINT WARNING * * *
You are more poisoned.
The killer bee poisons you! The killer bee barely misses you.
The killer bee stings you.
* * * LOW HITPOINT WARNING * * *
The killer bee stings you but does no damage. x2
The killer bee closely misses you.
Okay, then.
Your skin crawls.
You feel strong-willed.
You feel very sick. The killer bee closely misses you.
The killer bee stings you but does no damage.
The killer bee misses you. The killer bee barely misses you. x2
The killer bee closely misses you. The killer bee stings you.
* * * LOW HITPOINT WARNING * * *
The killer bee barely misses you.
A red film seems to cover your vision as you go berserk!
You feel yourself moving faster!
You feel mighty!
* * * LOW HITPOINT WARNING * * *
You feel very sick. The killer bee barely misses you.
The killer bee closely misses you. The killer bee stings you.
You die...
Xom chortles!

.#...)....# #.....#
.#.....#### #.....#
.#.....# ######.....#
.#.....#
#..........####
.#.....#
#.............#
.#.....#
#......####...#
.......####.....y####
#
..........+....yyy..+
.......####....yh####
###....# ###.......#
#....# #.......# #
#....####
#.......#####
###........ +.......+
..# ..#..#.####
#.......###.#
#.#..#.#
######......#
#.#..#.# #).....#
#....#.# #......#


You could see 5 killer bees.

Vanquished Creatures
  Jeremiah (D:7)
  A hornet (D:7)
  A wyvern (D:7)
  2 ice beasts (D:6)
  An ogre (D:6)
  A centaur (D:7)
  A phantom (D:5)
  A kobold brigand (Sewer)
  2 brain worms (Sewer)
  A scorpion (D:7)
  5 wights (D:7)
  A bombardier beetle (D:3)
  5 hounds
  3 jellies
  7 orc priests (D:7)
  5 iguanas
  5 orc wizards
  7 gnolls (D:5)
  17 adders
  5 river rats
  A shadow imp (D:5)
  3 ribbon worms (D:5)
  2 dart slugs
  12 orcs
  4 bats
  8 endoplasms
  2 giant cockroaches
  5 goblins
  4 hobgoblins
  10 jackals
  2 quokkas
  10 ball pythons
  4 frilled lizards
  8 kobolds
  13 rats
160 creatures vanquished.

Notes
Turn   | Place    | Note
-------+----------+-------------------------------------------
     0 | D:1      | MisterAzrael the Troll Shapeshifter began the quest for the
                  | Orb.
     0 | D:1      | Reached XP level 1. HP: 18/18 MP: 0/0
   122 | D:1      | Reached skill level 1 in Fighting
   141 | D:1      | Reached XP level 2. HP: 27/27 MP: 1/1
   351 | D:1      | Found a faded altar of an unknown god.
   380 | D:1      | Prayed at the altar of an unknown god.
   380 | D:1      | Became a worshipper of Xom the Fickle
   384 | D:1      | XOM: divination: magic mapping
   545 | D:1      | Reached XP level 3. HP: 33/33 MP: 2/2
   666 | D:1      | XOM: divination: magic mapping
   745 | D:2      | XOM: divination: detect items
   956 | D:2      | XOM: silly message
  1334 | D:2      | XOM: polymorph endoplasm -> adder
  1337 | D:2      | Reached XP level 4. HP: 41/41 MP: 3/3
  1535 | D:3      | Reached skill level 4 in Shapeshifting
  1547 | D:3      | XOM: 6-stop teleportation journey
  1558 | D:3      | XOM: smoke on damage
  1744 | D:3      | Reached XP level 5. HP: 48/48 MP: 4/4
  1828 | D:3      | Found a sparkling altar of Nemelex Xobeh.
  1866 | D:3      | Found a transporter.
  1869 | D:3      | Noticed AAAAAHH's ghost (weakling OnCA)
  1870 | D:3      | Found a transporter.
  1871 | D:3      | Noticed a phantom
  1964 | D:4      | Found a bloodstained altar of Trog.
  1986 | D:4      | XOM: noise
  2005 | D:4      | Fell from the grace of Xom
  2005 | D:4      | Became a worshipper of Trog the Wrathful
  2141 | D:5      | Entered Level 5 of the Dungeon
  2142 | D:5      | Noticed a phantom
  2149 | D:5      | Killed a phantom
  2150 | D:5      | Reached skill level 5 in Shapeshifting
  2150 | D:5      | Reached XP level 6. HP: 53/55 MP: 5/5
  2332 | D:5      | Reached skill level 5 in Unarmed Combat
  2404 | D:5      | XOM: give mutations
  2404 | D:5      | Gained mutation: Your muscles are strong. (Str +4, Int/Dex
                  | -1) [Xom's mischief]
  2404 | D:5      | Gained mutation: Your muscles are very strong. (Str +8,
                  | Int/Dex -2) [Xom's mischief]
  2404 | D:5      | Gained mutation: You occasionally lose the ability to read
                  | scrolls when taking damage. [Xom's mischief]
  2404 | D:5      | Gained mutation: You are dopey. (Int -2) [Xom's mischief]
  2569 | D:5      | Reached skill level 6 in Shapeshifting
  2582 | D:5      | XOM: give mutations
  2582 | D:5      | Gained mutation: You are robust. (+10% HP) [Xom's mischief]
  2582 | D:5      | Lost mutation: You are dopey. (Int -2) [Xom's mischief]
  2596 | D:5      | Reached XP level 7. HP: 62/68 MP: 6/6
  2860 | D:5      | Reached * piety under Trog
  2894 | D:5      | Found a glowing drain.
  2903 | Sewer    | Entered a sewer
  3071 | Sewer    | Reached skill level 7 in Shapeshifting
  3146 | Sewer    | Reached ** piety under Trog
  3177 | Sewer    | XOM: give mutations
  3177 | Sewer    | Lost mutation: You are robust. (+10% HP) [Xom's mischief]
  3177 | Sewer    | Gained mutation: Your body sometimes deteriorates upon
                  | taking damage. [Xom's mischief]
  3177 | Sewer    | Lost mutation: You occasionally lose the ability to read
                  | scrolls when taking damage. [Xom's mischief]
  3177 | Sewer    | Lost mutation: Your body sometimes deteriorates upon taking
                  | damage. [Xom's mischief]
  3441 | Sewer    | XOM: torment (32/62 hp)
  3635 | D:6      | Identified the +6 falchion of Obiter Dictum {freeze, rElec
                  | rN+ Str-3}
  3651 | D:6      | Reached XP level 8. HP: 54/70 MP: 7/7
  3738 | D:6      | Found a runed translucent door.
  3790 | D:6      | Noticed Azoth's ghost (novice DrSh)
  3912 | D:6      | Found a burning altar of Makhleb.
  3930 | D:6      | Reached skill level 8 in Shapeshifting
  4009 | D:6      | XOM: summons 4 hostile shadow creatures
  4055 | D:6      | XOM: god gift: leather armour {god gift}
  4092 | D:6      | Found a staircase to the Ecumenical Temple.
  4511 | D:7      | Found an ornate altar of the Wu Jian Council.
  4559 | D:7      | XOM: noise
  4582 | D:7      | Noticed Jeremiah
  4603 | D:7      | Killed Jeremiah
  4604 | D:7      | Reached skill level 9 in Shapeshifting
  4655 | D:7      | Reached XP level 9. HP: 54/76 MP: 8/8
  4887 | D:7      | Reached skill level 10 in Shapeshifting
  4973 | D:7      | HP: 1/75 [killer bee (6)]
  4974 | D:7      | Slain by a killer bee

Illustrated notes

Levels and vault maps discovered:
D:1:      beargit_arrival_greenhouse, layout_loops_ring,
          shapermc_ecumenical_altar_ellora, minmay_quantized
D:2:      layout_basic, kennysheep_boxes
D:3:      layout_rooms, nemelex_spade_bored_becter, gammafunk_ghost_mausoleum
D:4:      layout_cave_pods, trog_book
D:5:      layout_loops_ring, lightli_sewer_entry_pipes,
          kennysheep_generic_room_8
D:6:      layout_basic, mainiacjoe_overflow_tiny_flanked, temple_green,
          ebering_ghost_sewer_d
D:7:      layout_basic, nicolae_wu_jian_wuxing_cycle, minivault_19,
          uniq_jeremiah

Skill      XL: |  1  2  3  4  5  6  7  8  9 |
---------------+----------------------------+-----
Fighting       | 1 |  1.0
Shapeshifting  | 4 5 6 7 9 10 | 10.0
Unarmed Combat | 4 5 6 7 8 |  8.1
Dodging        | |  1.7

Action                     |  1- 3 |  4- 6 |  7- 9 || total
---------------------------+-------+-------+-------++-------
  Melee: Unarmed           |    81 |    95 |   176 ||   352
         Punch             |     1 |     3 |     7 ||    11
 Invoke: Berserk           |       |       |     4 ||     4
         Trog's Hand       |       |       |     1 ||     1
    Use: Potion            |       |     2 |     1 ||     3
   Stab: Sleeping          |       |     1 |       ||     1
 Armour: Animal skin       |    39 |    64 |    85 ||   188
         Robe              |       |       |    66 ||    66
  Dodge: Dodged            |    35 |    34 |    74 ||   143
   Form: Death             |       |     1 |       ||     1
         Beast             |       |     1 |       ||     1

Table legend: (Time is in decaauts)
 A = Elapsed time spent in this place.
 B = Non-inter-level travel time spent in this place.
 C = Inter-level travel time spent in this place.
 D = Time resting spent in this place.
 E = Time spent auto-exploring this place.
 F = Levels seen in this place.
 G = Mean time per level.
                   A        B        C        D        E       F      G
               +--------+--------+--------+--------+--------+-----+--------+
         Total |   4963 |   4831 |    132 |    216 |   3689 |   8 |  620.4 |
       Dungeon |   4365 |   4233 |    132 |    191 |   3259 |   7 |  623.6 |
         Sewer |    597 |    597 |      0 |     25 |    430 |   1 |  597.0 |
               +--------+--------+--------+--------+--------+-----+--------+

Top non-repeatable levels by time:
     D:5: 877 daAuts
     D:6: 840 daAuts
     D:2: 796 daAuts
     D:1: 726 daAuts
   Sewer: 597 daAuts
     D:7: 515 daAuts
     D:3: 419 daAuts
     D:4: 191 daAuts
